 Dungeon Sprint DCSS version 0.29.1-4-g47bece8355 (webtiles) character file.

Game seed: 5035458991471407239

997 boopmooplesden the Carver (level 7, -8/117 HPs)
             Began as a Minotaur Berserker on Dec 6, 2022.
             Was a Priest of Trog.
             Mangled by a red devil
             ... wielding a +2 demon trident of venom
             ... summoned by a kobold demonologist
              (22 damage)
             ... in the Dungeon (Sprint I: "Red Sonja").
             The game lasted 00:01:47 (721 turns).

boopmooplesden the Carver (Minotaur Berserker)       Turns: 721, Time: 00:01:48

Health: -8/117     AC: -17   Str: 23    XL:     7   Next: 99%
Magic:  6/6        EV: 13    Int:  4    God:    Trog [***...]
Gold:   214        SH:  0    Dex: 10    Spells: 6/6 levels left

rFire   . . .      SeeInvis .   a - +0 falchion
rCold   . . .      Faith    .   (no shield)
rNeg    . . .      Spirit   .   j - +0 ring mail
rPois   +          Reflect  .   (helmet restricted)
rElec   .          Harm     .   (no cloak)
rCorr   .          Rampage  .   (no gloves)
Will    .....      NoTele   +   (no boots)
Stlth   ..........              (no amulet)
HPRegen 0.29/turn               l - ring of poison resistance
MPRegen 0.10/turn               (no ring)

@: berserking (expiring), lethally poisoned (-8 -> -13), spiked, corroded, very
quick
A: horns 2, retaliatory headbutt
a: Renounce Religion, Berserk, Trog's Hand


You were in the Dungeon.
You worshipped Trog.
Trog was most pleased with you.
You visited 1 branch You collected 414 gold pieces.
You spent 200 gold pieces at shops.

Inventory:

Hand Weapons
 a - a +0 falchion (weapon)
Armour
 b - a +0 animal skin
 j - a +0 ring mail (worn)
Jewellery
 l - a ring of poison resistance (left hand)
Wands
 i - a wand of charming (1)
 k - a wand of roots (10)
Scrolls
 h - a scroll of blinking
 m - a scroll of fog {unknown}
Potions
 c - a potion of curing
 d - a potion of heal wounds
 e - a potion of haste
 f - 2 potions of magic
 g - a potion of berserk rage


   Skills:
 + Level 12.3 Fighting
 + Level 14.4 Long Blades
 + Level 7.5 Armour
 + Level 6.4 Dodging
 + Level 0.2 Stealth


You had 6 spell levels left.
You didn't know any spells.
Your spell library was empty.

Dungeon Overview and Level Annotations

Branches:
Dungeon (1/1)

Altars:
Cheibriados
Dithmenos
Elyvilon
Fedhas
Gozag
Hepliaklqana
Kikubaaqudgha
Makhleb
Nemelex Xobeh
Okawaru
Qazlal
Ru
Sif Muna
Trog
Uskayaw
Vehumet
Wu Jian
Xom
Yredelemnul
Zin
The Shining One
Jiyva
Lugonu

Shops:
D =


Innate Abilities, Weirdness & Mutations

You have a pair of horns on your head.
You reflexively headbutt those who attack you in melee.


Message History

You hit the kobold demonologist but do no damage.
The kobold demonologist is lightly wounded.
The shadow imp gestures at you. Pain shoots through your body!
You hit the kobold demonologist but do no damage.
The kobold demonologist is lightly wounded.
The kobold demonologist hits you with a +0 dagger.
The rust devil hits you. The rust devil corrodes you!
You hit the kobold demonologist.
The kobold demonologist is moderately wounded.
The rust devil hits you! The rust devil corrodes you!
The red devil closely misses you. The shadow imp hits you.
You closely miss the kobold demonologist.
You headbutt the kobold demonologist.
The kobold demonologist is moderately wounded.
You hit the kobold demonologist but do no damage.
The kobold demonologist is moderately wounded.
The kobold demonologist barely misses you.
The rust devil barely misses you. The rust devil hits you.
The rust devil corrodes you!
The red devil hits you from afar with a +2 demon trident of venom!!
Barbed spikes become lodged in your body.
You are poisoned.
You hit the kobold demonologist.
The kobold demonologist is moderately wounded.
You feel sick. The shadow imp hits you.
* * * LOW HITPOINT WARNING * * *
You hit the kobold demonologist but do no damage.
The kobold demonologist is moderately wounded.
You feel sick. The rust devil closely misses you.
The kobold demonologist hits you with a +0 dagger.
* * * LOW HITPOINT WARNING * * *
You barely miss the kobold demonologist.
You headbutt the kobold demonologist, but do no damage.
The kobold demonologist is moderately wounded.
You feel sick. The rust devil hits you!
* * * LOW HITPOINT WARNING * * *
The rust devil corrodes you!
The red devil hits you from afar with a +2 demon trident of venom!!
You die...

####################
').#..'..#__#..')5.#
#..').#..'..'..#@4.#
##'#####'#__####K44+
#..#...#.#### #####
####..##.#
___##'#_.+
∩...†..._#
.__##_.#'#
___###+#.# #### ###


You could see 2 rust devils, a kobold demonologist, a red devil (summoned) and a
shadow imp (summoned).

Vanquished Creatures
  A kobold demonologist (D)
  A slime creature (D)
  Sigmund (D)
  A yak (D)
  A floating eye (D)
  An ogre (D)
  A jelly (D)
  Ijyb (D)
8 creatures vanquished.

Notes
Turn   | Place    | Note
-------+----------+-------------------------------------------
     0 | D        | boopmooplesden the Minotaur Berserker began the quest for
                  | the Orb.
     0 | D        | Reached XP level 1. HP: 19/19 MP: 0/0
     1 | D        | Noticed Ijyb
     8 | D        | Killed Ijyb
     9 | D        | Reached skill level 5 in Fighting
     9 | D        | Reached skill level 5 in Long Blades
     9 | D        | Reached XP level 2. HP: 29/29 MP: 1/1
    56 | D        | Noticed an ogre
    60 | D        | Killed an ogre
    61 | D        | Reached skill level 8 in Long Blades
    61 | D        | Reached XP level 3. HP: 39/39 MP: 2/2
    61 | D        | Reached XP level 4. HP: 47/47 MP: 3/3
    78 | D        | Noticed Sigmund
    87 | D        | Killed Sigmund
    87 | D        | Reached ** piety under Trog
    88 | D        | Reached skill level 10 in Long Blades
    88 | D        | Reached skill level 5 in Armour
    88 | D        | Reached skill level 5 in Dodging
    88 | D        | Reached XP level 5. HP: 53/57 MP: 4/4
    88 | D        | Reached XP level 6. HP: 59/64 MP: 5/5
   222 | D        | Found an ornate altar of the Wu Jian Council.
   222 | D        | Found a shimmering blue altar of Sif Muna.
   224 | D        | Found a radiant altar of Vehumet.
   254 | D        | Found Pixixerph's Jewellery Emporium.
   254 | D        | Found an ancient bone altar of Kikubaaqudgha.
   254 | D        | Found a hazy altar of Hepliaklqana.
   254 | D        | Found a stormy altar of Qazlal.
   254 | D        | Found a hide-covered altar of Uskayaw.
   254 | D        | Found a blossoming altar of Fedhas.
   254 | D        | Found a bloodstained altar of Trog.
   254 | D        | Found an iron altar of Okawaru.
   254 | D        | Found a basalt altar of Yredelemnul.
   254 | D        | Found a glowing golden altar of the Shining One.
   254 | D        | Found a snail-covered altar of Cheibriados.
   254 | D        | Found a sacrificial altar of Ru.
   254 | D        | Found a glowing silver altar of Zin.
   254 | D        | Found a shadowy altar of Dithmenos.
   254 | D        | Found a white marble altar of Elyvilon.
   254 | D        | Noticed a yak
   267 | D        | Killed a yak
   268 | D        | Reached skill level 10 in Fighting
   268 | D        | Reached skill level 12 in Long Blades
   268 | D        | Found an opulent altar of Gozag.
   269 | D        | Found a sparkling altar of Nemelex Xobeh.
   276 | D        | Bought a ring of poison resistance for 200 gold pieces
   426 | D        | Found a viscous altar of Jiyva.
   426 | D        | Found a corrupted altar of Lugonu.
   426 | D        | Noticed a slime creature
   427 | D        | Found a burning altar of Makhleb.
   427 | D        | Found a shimmering altar of Xom.
   437 | D        | Killed a slime creature
   438 | D        | Reached skill level 13 in Long Blades
   438 | D        | Reached XP level 7. HP: 27/74 MP: 6/6
   696 | D        | Noticed a kobold demonologist
   697 | D        | Noticed a kobold demonologist
   698 | D        | Paralysed by a floating eye for 3 turns
   701 | D        | Reached *** piety under Trog
   705 | D        | Noticed a rust devil
   708 | D        | Killed a kobold demonologist
   709 | D        | Reached skill level 14 in Long Blades
   710 | D        | Noticed a rust devil
   714 | D        | Noticed a red devil
   721 | D        | Mangled by a red devil

Illustrated notes

Levels and vault maps discovered:
D:        dungeon_sprint_1 [red_sonja_temple_1, red_sonja_temple_small_1]

Skill      XL: |  1  2  3  4  5  6  7 |
---------------+----------------------+-----
Fighting       | 5 7 9 11 12 | 12.3
Long Blades    | 5 8 10 13 14 | 14.4
Armour         | 3 4 5 6 7 |  7.5
Dodging        | 3 5 6 |  6.4
Stealth        | |  0.2

Action                   |  1- 3 |  4- 6 |  7- 9 || total
-------------------------+-------+-------+-------++-------
Melee: Falchion          |     8 |    32 |    19 ||    59
       Headbutt          |     1 |     9 |     4 ||    14
       Punch             |       |     1 |       ||     1
Invok: Berserk           |     2 |     1 |     1 ||     4
Armor: Ring mail         |       |     4 |    10 ||    14
Dodge: Dodged            |     4 |    10 |    14 ||    28
